 Dungeon Crawl Stone Soup version 0.31.0-11-ge490571c62 (webtiles) character file.

Game seed: 12225171389179738396

58 NamelessAdventurer the Trooper (level 4, 0/52 HPs)
             Began as a Human Fighter on Jan 30, 2024.
             Succumbed to an adder's poison
             ... on level 3 of the Dungeon.
             The game lasted 00:02:29 (781 turns).

NamelessAdventurer the Trooper (Human Fighter)       Turns: 781, Time: 00:02:29

Health: 0/52       AC: 22    Str: 17    XL:     4   Next: 2%
Magic:  4/4        EV:  2    Int: 10    God:
Gold:   108        SH:  5    Dex: 12    Spells: 3/3 levels left

rFire   . . .        a - +0 war axe
rCold   . . .        c - +1 buckler
rNeg    . . .        b - melded +1 scale mail
rPois   +            (helmet currently unavailable)
rElec   .            (cloak currently unavailable)
rCorr   .            (gloves currently unavailable)
SInv    .            (boots currently unavailable)
Will    .....        (no amulet)
Stlth   +            (no ring)
HPRegen 0.28/turn    (no ring)
MPRegen 0.09/turn

%: no passive effects
@: lethally poisoned (0 -> -1), tree-form
A: stationary, stasis, torment immunity, boosted hp, explore regen
a: no special abilities


You were on level 3 of the Dungeon.
You were a tree.
You visited 1 branch of the dungeon, and saw 3 of its levels.

You collected 108 gold pieces.

Inventory:

Hand Weapons
 a - a +0 war axe (weapon)
Missiles
 e - 3 poisoned darts (quivered)
Armour
 b - a +1 scale mail (melded)
 c - a +1 buckler (worn)
Potions
 d - 2 potions of might
 f - a potion of lignification
 g - a potion of berserk rage {unknown}
 h - a potion of haste {unknown}
 i - a potion of brilliance {unknown}


   Skills:
 * Level 3.4 Fighting
 * Level 2.5 Axes
 * Level 0.2 Throwing
 * Level 3.4 Armour
 * Level 0.5 Dodging
 * Level 0.6 Stealth
 * Level 3.3 Shields


You had 3 spell levels left.
You didn't know any spells.
Your spell library contained the following spells:

 Spells                   Type           Power      Damage    Failure   Level
 Mercury Vapours          Alch/Air       0%         N/A       58%         2
 Mephitic Cloud           Conj/Alch/Air  0%         N/A       82%         3
 Freezing Cloud           Conj/Ice/Air   0%         6-21      100%        5


Dungeon Overview and Level Annotations

Branches:
Dungeon (3/15)

Altars:
Dithmenos
Fedhas
Ru
Vehumet


Innate Abilities, Weirdness & Mutations

You are a tree.
Your roots penetrate the ground, keeping you stationary.
You cannot be teleported.
You are immune to unholy pain and torment.
Your maximum health is greatly increased.
Your equipment is partially melded.
You regain HP and MP as you explore.


Message History

The adder bites you.
You hit the adder.
The adder is lightly wounded.
You hit the goblin.
You kill the goblin!
The adder bites you. The orc closely misses you.
The adder bites you but does no damage.
The orc hits you from afar with a +0 trident.
You closely miss the adder.
The adder is lightly wounded.
The adder barely misses you. You block the orc's attack.
The adder bites you but does no damage.
You barely miss the adder.
The adder is lightly wounded.
The adder bites you but does no damage.
The orc hits you from afar with a +0 trident.
The adder bites you. The orc barely misses you.
You hit the adder but do no damage.
The adder is lightly wounded.
The adder bites you.
You are poisoned.
The adder poisons you! The orc closely misses you.
You slash the adder!
You kill the adder!
You feel sick. The orc closely misses you.
You have reached level 4!
You feel stronger.
Throw: 4 darts (poison)
Press: ? - help, Q - select action Shift-Dir - straight line, f - orc
Aim: an orc, wielding a +0 trident and wearing a +0 leather armour (54% to hit)
You throw a poisoned dart. The poisoned dart hits the orc.
You feel sick.
The orc hits you from afar with a +0 trident.
* * * LOW HITPOINT WARNING * * *
The orc hits you from afar with a +0 trident.
* * * LOW HITPOINT WARNING * * *
It was a potion of lignification.
You turn into a tree.
Your +1 scale mail melds into your body.
Your roots penetrate the ground.
You die...

#..####..## #..## *..**
###....##.## ##..# *.#*
###.....†...# ##<##*#.#
....)<.#..### #..##..#
..#.#####.# ##....#*
###.# #.# ##..########
#*..# #.########
##.##.....# ##>##
####.....### #.........
##.* *#....o†♣..##
##........ ##.*
*..#....)#..# #......(.
##.* *,,#.[_..#..#
#........ #*,*
*,,##...##..# #........
#*,* *...#...#...#
#........ .#.*
*#..##.##..#######†......
...# #..)###...#
####........ ..##***
*#.......## ####........
....>,****###...'###
####........


You could see an orc.

Vanquished Creatures
  3 adders
  2 dart slugs
  A ball python (D:1)
  3 bats
  2 endoplasms
  A giant cockroach (D:2)
  4 goblins
  4 hobgoblins
  2 kobolds (D:3)
  2 quokkas
  A rat (D:3)
25 creatures vanquished.

Notes
Turn   | Place    | Note
-------+----------+-------------------------------------------
     0 | D:1      | NamelessAdventurer the Human Fighter began the quest for
                  | the Orb.
     0 | D:1      | Reached XP level 1. HP: 18/18 MP: 1/1
    27 | D:1      | Reached XP level 2. HP: 12/24 MP: 2/2
   174 | D:2      | Found a radiant altar of Vehumet.
   330 | D:2      | Reached XP level 3. HP: 29/29 MP: 3/3
   688 | D:3      | Found a shadowy altar of Dithmenos.
   733 | D:3      | Found a sacrificial altar of Ru.
   769 | D:3      | Found a blossoming altar of Fedhas.
   780 | D:3      | Reached XP level 4. HP: 11/35 MP: 4/4
   780 | D:3      | HP: 1/35 [orc/+0 trident (4)]
   781 | D:3      | Succumbed to an adder's poison

Illustrated notes

Levels and vault maps discovered:
D:1:      enne_arrival_octagon_isle, layout_loops_ring,
          dreamdust_princess_bridge, ebering_dispersal_statue_hall
D:2:      layout_basic, basic_altar, kennysheep_decorative_pillar
D:3:      layout_rooms, mainiacjoe_overflow_two_lobes, lemuel_tele_altar,
          due_unseen_surprise

Action                     |  1- 3 |  4- 6 || total
---------------------------+-------+-------++-------
  Melee: War axe           |    54 |       ||    54
  Throw: Dart              |     8 |     1 ||     9
    Use: Scroll            |     5 |       ||     5
         Potion            |       |     1 ||     1
 Armour: Scale mail        |    58 |     2 ||    60
  Dodge: Dodged            |    38 |       ||    38
  Block: Buckler           |    16 |       ||    16
